 Dungeon Crawl Stone Soup version 0.28-a0-1613-gdaab1c2f9b (webtiles) character file.

Game seed: 13925179669704189502

46 a3don the Shield-Bearer (level 3, 0/36 HPs)
             Began as a Troll Fighter on Jan 22, 2022.
             Was a Follower of Qazlal.
             Slain by Sigmund (7 damage)
             ... on level 2 of the Dungeon.
             The game lasted 00:01:36 (759 turns).

a3don the Shield-Bearer (Troll Fighter)              Turns: 759, Time: 00:01:36

Health: 0/36       AC:  5    Str: 24    XL:     3   Next: 46%
Magic:  2/2        EV:  8    Int:  6    God:    Qazlal [*.....]
Gold:   60         SH:  8    Dex:  9    Spells: 2/2 levels left

rFire   . . .      SeeInvis .     - Unarmed
rCold   . . .      Faith    .   b - +0 kite shield
rNeg    . . .      Spirit   .   a - +0 robe
rPois   .          Reflect  .   (helmet restricted)
rElec   .          Harm     .   f - +0 cloak
rCorr   .          Rampage  .   (gloves unavailable)
Will    .....                   (boots unavailable)
Stlth   +.........              (no amulet)
HPRegen 0.92/turn               (no ring)
MPRegen 0.08/turn               (no ring)

@: no status effects
A: large, unfitting armour, claws 3, regeneration 1, shaggy fur 1, tough skin 1
a: Renounce Religion


You were on level 2 of the Dungeon.
You worshipped Qazlal.
Qazlal was aware of your devotion.
You visited 1 branch of the dungeon, and saw 2 of its levels.

You collected 60 gold pieces.

Inventory:

Armour
 a - a +0 robe (worn)
 b - a +0 kite shield (worn)
 f - a +0 cloak (worn)
Scrolls
 e - a scroll of magic mapping {unknown}
Potions
 c - a potion of might
 d - a potion of heal wounds {unknown}


   Skills:
 + Level 2.8 Fighting
 + Level 2.8 Dodging
 + Level 2.8 Shields
 + Level 2.5 Unarmed Combat


You had 2 spell levels left.
You didn't know any spells.
Your spell library was empty.

Dungeon Overview and Level Annotations

Branches:
Dungeon (2/15)

Altars:
Qazlal

Annotations:
D:2 Sigmund


Innate Abilities, Weirdness & Mutations

You are too large for most types of armour.
You have claws for hands.
Your natural rate of healing is unusually fast.
You are covered in fur. (AC +1)
You have tough skin. (AC +1)


Message History

Deactivating autopickup; reactivate with Ctrl-A.
The bat hits you but does no damage.
The quokka bites you but does no damage.
You block the bat's attack. The bat hits you but does no damage.
The bat hits you but does no damage. The bat hits you but does no damage.
The bat hits you but does no damage. You block the bat's attack.
You block the quokka's attack. Something hits you!
The quokka bites you but does no damage.
You miss the quokka. The bat hits you but does no damage. The quokka bites you.
Something hits you.
You closely miss the quokka. The bat closely misses you.
The quokka barely misses you.
You barely miss the quokka. You block the bat's attack.
You block the quokka's attack. Something hits you!
The quokka closely misses you. The bat hits you but does no damage.
You scratch the quokka.
You kill the quokka!
Qazlal accepts your kill. You block the bat's attack.
You hear some strange, mumbled words.
You are confused.
The bat hits you but does no damage. x2; The bat is struck by lightning.
You kill the bat!
Qazlal accepts your kill. Something hits you!
You bump into the rock wall.
Something hits you.
* * * LOW HITPOINT WARNING * * *
You closely miss something.
You bump into the rock wall.
You hear some strange, mumbled words.
A magic dart appears from out of thin air!
The magic dart hits you.
* * * LOW HITPOINT WARNING * * *
You bump into the rock wall.
You feel less confused.
You hear some strange, mumbled words.
Something tries to affect you, but you resist.
You miss something. Something hits you!
You die...

######## +... #......#
####....#......######### #
#.......#........†.....# #
#......##.......######.# #
#......##.......# #.# #
#.......+.......######.###
#......##.°.....#.........
#..{@....#.#.####....
#.########.# #......#
.........{....##.#
#.####.#
#######.#####.##.# # ...
#.# #### #.# . #.# # #.#
#.#


There were no monsters in sight!

Vanquished Creatures
  7 bats
  3 endoplasms (D:1)
  4 giant cockroaches (D:1)
  4 goblins (D:1)
  4 hobgoblins (D:1)
  3 jackals (D:1)
  A kobold (D:1)
  4 quokkas
  4 ball pythons
  A frilled lizard (D:1)
  3 rats (D:1)
38 creatures vanquished.

Notes
Turn   | Place    | Note
-------+----------+-------------------------------------------
     0 | D:1      | a3don the Troll Fighter began the quest for the Orb.
     0 | D:1      | Reached XP level 1. HP: 22/22 MP: 0/0
    79 | D:1      | Reached XP level 2. HP: 29/29 MP: 1/1
   374 | D:1      | Reached XP level 3. HP: 36/36 MP: 2/2
   638 | D:1      | Found a faded altar of an unknown god.
   655 | D:1      | Prayed at the altar of an unknown god.
   655 | D:1      | Became a worshipper of Qazlal Stormbringer
   655 | D:1      | Reached * piety under Qazlal
   742 | D:2      | Noticed Sigmund
   759 | D:2      | Slain by Sigmund

Illustrated notes

Levels and vault maps discovered:
D:1:      minmay_arrival_hallway, layout_basic,
          shapermc_ecumenical_altar_mp_highgroup, corexii_hall_statues_i,
          minmay_misc_feat_tower, minmay_cut_off
D:2:      layout_basic, chequers_serial_rivers_small_b, minmay_pentomino_q2,
          uniq_sigmund, uniq_terence

Action                   || total
-------------------------++-------
Melee: Unarmed           ||   121
Armor: Robe              ||    70
Dodge: Dodged            ||    44
Block: Kite shield       ||    50

Table legend: (Time is in decaauts)
 A = Elapsed time spent in this place.
 B = Non-inter-level travel time spent in this place.
 C = Inter-level travel time spent in this place.
 D = Time resting spent in this place.
 E = Time spent auto-exploring this place.
 F = Levels seen in this place.
 G = Mean time per level.
                   A        B        C        D        E       F      G
               +--------+--------+--------+--------+--------+-----+--------+
         Total |    769 |    754 |     15 |      0 |    485 |   2 |  384.5 |
       Dungeon |    769 |    754 |     15 |      0 |    485 |   2 |  384.5 |
               +--------+--------+--------+--------+--------+-----+--------+

Top non-repeatable levels by time:
     D:1: 680 daAuts
     D:2: 89 daAuts
